 Dungeon Crawl Stone Soup version 0.29.1-4-g47bece8355 (webtiles) character file.

Game seed: 11223735356178156529

1424 Flaz the Grappler (level 8, -2/66 HPs)
             Began as a Ghoul Monk on Dec 7, 2022.
             Slain by an orc warrior
             ... wielding a +1 scimitar of holy wrath
              (15 damage)
             ... on level 8 of the Dungeon.
             The game lasted 00:22:55 (7113 turns).

Flaz the Grappler (Ghoul Monk)                      Turns: 7113, Time: 00:22:56

Health: -2/66      AC: 12    Str: 17    XL:     8   Next: 72%
Magic:  0/7        EV: 11    Int:  5    God:
Gold:   515        SH:  0    Dex: 11    Spells: 7/7 levels left

rFire   . . .      SeeInvis .     - Unarmed
rCold   + + .      Faith    .   (no shield)
rNeg    + + +      Spirit   +   n - +0 ring mail
rPois   ∞          Reflect  .   z - +0 helmet
rElec   .          Harm     .   x - +0 cloak
rCorr   .          Rampage  .   (no gloves)
Will    .....                   m - +0 pair of boots
Stlth   ++........              p - amulet of guardian spirit
HPRegen 0.00/turn               l - ring of protection from cold
MPRegen 0.10/turn               y - +4 ring of protection

@: inhibited regen
A: claws 1, cold resistance 1, negative energy resistance 3, inhibited
regeneration, torment resistance 2, devour on kill
a: no special abilities


You were on level 8 of the Dungeon.
You visited 1 branch of the dungeon, and saw 8 of its levels.
You also visited: Sewer.

You collected 515 gold pieces.

Inventory:

Hand Weapons
 v - the +1 falchion of Unreason {pain, rF+ Dex+6}
   (You found it on level 4 of the Dungeon)

   In the hands of one skilled in necromantic magic, it inflicts extra damage on
   living creatures.
   Dex:       It affects your dexterity (+6).
   rF:        It protects you from fire.
 C - a +2 scythe of venom
 E - a +2 flail of protection
 F - a +3 quarterstaff of chaos
Missiles
 f - 41 stones
 r - 12 poisoned darts
 G - 3 boomerangs (quivered)
Armour
 m - a +0 pair of boots (worn)
 n - a +0 ring mail (worn)
 x - a +0 cloak (worn)
 z - a +0 helmet (worn)
 A - +0 steam dragon scales
Jewellery
 l - a ring of protection from cold (left claw)
 p - an amulet of guardian spirit (around neck)
 y - a +4 ring of protection (right claw)
Wands
 a - a wand of paralysis (9)
Scrolls
 d - a scroll of immolation {unknown}
 e - 2 scrolls of magic mapping
 g - a scroll of summoning {unknown}
 i - a scroll of fog {unknown}
 j - 4 scrolls of enchant weapon
 q - a scroll of fear {unknown}
 w - a scroll of torment {unknown}
 B - 2 scrolls of teleportation {unknown}
Potions
 b - 2 potions of ambrosia
 c - a potion of flight {unknown}
 h - 3 potions of curing
 k - a potion of attraction {unknown}
 o - 4 potions of heal wounds {unknown}
 s - a potion of invisibility {unknown}
 t - a potion of magic {unknown}
 u - a potion of berserk rage {unknown}
 D - 2 potions of haste
 H - a potion of might


   Skills:
 - Level 4.0 Fighting
 - Level 0.1 Throwing
 - Level 3.0 Dodging
 - Level 5.0 Stealth
 + Level 10.8 Unarmed Combat


You had 7 spell levels left.
You didn't know any spells.
Your spell library was empty.

Dungeon Overview and Level Annotations

Branches:
Dungeon (9/15)              Sewer (visited)
 Temple: D:4-7         Lair: D:8-11         Orc: D:9-12

Altars:
Kikubaaqudgha
Makhleb


Innate Abilities, Weirdness & Mutations

You are immune to poison.
You have sharp fingernails.
Your flesh is cold resistant. (rC+)
You are immune to negative energy. (rN+++)
You do not regenerate when monsters are visible.
You are immune to unholy pain and torment.
You thrive by killing the living.


Message History

You claw the necrophage!
You destroy the necrophage!
r - 12 poisoned darts (gained 5)
An orc comes into view. It is wielding a +0 dagger.
An orc warrior and an orc come into view.
The orc warrior is wielding a +1 scimitar of holy wrath.
The orc shouts!
The orc warrior shouts!
The orc hits you but does no damage.
You scratch the orc.
The orc is moderately wounded.
The orc hits you but does no damage. The orc attacks as you move away!
The orc hits you but does no damage.
You claw the orc!
You kill the orc!
You feel better.
You claw the orc!
You kill the orc!
The orc warrior unwields a +1 scimitar of holy wrath.
It stops glowing.
The orc warrior wields a +0 arbalest.
The orc warrior shoots a bolt.
The bolt hits you!!
The orc warrior unwields a +0 arbalest.
The orc warrior wields a +1 scimitar of holy wrath.
It softly glows with a divine radiance!
The orc warrior closely misses you.
Things that are here:
a +0 dagger; a +0 club; an orc corpse You scratch the orc warrior.
The orc warrior is lightly wounded.
The orc warrior misses you.
You scratch the orc warrior but do no damage.
The orc warrior is lightly wounded.
You scratch the orc warrior.
The orc warrior is lightly wounded.
The orc warrior hits you with a +1 scimitar of holy wrath!
You convulse!
You claw the orc warrior!
The orc warrior is heavily wounded.
The orc warrior hits you with a +1 scimitar of holy wrath!
* * * LOW HITPOINT WARNING * * *
You convulse!
You die...

.. ... ### #. . ##.##
.#.###.#. .#.. #...#...#
#..####
###...#...#####.#...##.##
..#...#...#...#.#........
...#.###.#.....#@o..#
..###...###...#######
##.#.....#.###.#
#...#...#...#...#
#...#####...#...#
#...#...#...#...#
##.#.....#.###.#.
..###...###. .##..
...#.### ... ..


You could see an orc warrior.

Vanquished Creatures
  Sigmund (D:5)
  A steam dragon (D:6)
  2 water moccasins
  A black bear (D:6)
  A phantom (D:6)
  A necrophage (D:8)
  3 scorpions
  2 howler monkeys (D:5)
  A jelly (D:6)
  3 hounds
  Crazy Yiuf (D:5)
  2 iguanas
  An orc wizard (D:3)
  Robin (D:2)
  6 adders
  3 gnolls (D:5)
  5 worms
  4 dart slugs
  19 orcs
  4 endoplasms
  11 giant cockroaches
  20 goblins
  7 hobgoblins
  5 jackals
  10 kobolds
  A quokka (D:4)
  11 ball pythons
  8 bats
  5 frilled lizards
  4 rats
144 creatures vanquished.

Notes
Turn   | Place    | Note
-------+----------+-------------------------------------------
     0 | D:1      | Flaz the Ghoul Monk began the quest for the Orb.
     0 | D:1      | Reached XP level 1. HP: 19/19 MP: 0/0
   219 | D:1      | Reached XP level 2. HP: 26/26 MP: 1/1
   659 | D:1      | Reached XP level 3. HP: 31/31 MP: 2/2
   668 | D:1      | Found a faded altar of an unknown god.
  1185 | D:2      | Reached skill level 4 in Unarmed Combat
  1547 | D:2      | Noticed Robin
  1596 | D:2      | Reached XP level 4. HP: 40/40 MP: 3/3
  2497 | D:3      | Reached XP level 5. HP: 21/46 MP: 4/4
  2513 | D:3      | Reached skill level 5 in Unarmed Combat
  3294 | D:4      | Identified the +1 falchion of Unreason {pain, rF+ Dex+6}
  3785 | D:4      | Noticed a water moccasin
  4018 | D:2      | Killed Robin
  4118 | D:2      | Reached XP level 6. HP: 48/52 MP: 3/5
  4720 | D:4      | Found an ancient bone altar of Kikubaaqudgha.
  4845 | D:4      | Reached skill level 6 in Unarmed Combat
  4986 | D:4      | Killed a water moccasin
  5217 | D:5      | Entered Level 5 of the Dungeon
  5236 | D:5      | Reached skill level 7 in Unarmed Combat
  5242 | D:5      | Reached XP level 7. HP: 54/59 MP: 6/6
  5349 | D:5      | Noticed Sigmund
  5584 | D:5      | Killed Sigmund
  5585 | D:5      | Reached skill level 8 in Unarmed Combat
  5760 | D:5      | Found a glowing drain.
  5764 | Sewer    | Entered a sewer
  5771 | Sewer    | Reached skill level 5 in Stealth
  6029 | D:5      | Reached XP level 8. HP: 66/66 MP: 7/7
  6218 | D:5      | Found a runed translucent door.
  6219 | D:5      | Noticed Crazy Yiuf
  6322 | D:5      | Killed Crazy Yiuf
  6323 | D:5      | Reached skill level 9 in Unarmed Combat
  6533 | D:6      | Reached skill level 10 in Unarmed Combat
  6553 | D:6      | Found a burning altar of Makhleb.
  7029 | D:6      | You fall into a shaft and drop 2 floors!
  7113 | D:8      | Slain by an orc warrior

Illustrated notes

Levels and vault maps discovered:
D:1:      dpeg_arrival_boxes_within_box, layout_rooms,
          hellmonk_ecumenical_altar_defaced_shrine
D:2:      layout_basic, uniq_robin
D:3:      layout_rooms, amcnicky_mini_rare_corridor_liquid, grunt_ministairs_5,
          minmay_misc_feat_rows
D:4:      layout_cave_pods, lemuel_zombie_altar_kikubaaqudgha,
          nicolae_figureground_pulse
D:5:      layout_basic, mainiacjoe_overflow_small_starburst,
          gup_sewer_entry_spiral, uniq_crazy_yiuf_cottage, uniq_sigmund
D:6:      layout_cave_pools, ashenzari_conservatory_becter,
          amcnicky_altar_gilded, nicolae_shop_fire_sale [nicolae_sub_dead_trees]
D:8:      nicolae_cairo_tiling, layout_loops_corners,
          mainiacjoe_overflow_tiny_flanked
D:9:      layout_roguey, overflow_temple_1_default, serial_curves,
          eino_curves_03, eino_curves_01, eino_curves_01, eino_curves_04

Skill      XL: |  1  2  3  4  5  6  7  8 |
---------------+-------------------------+-----
Dodging        | 3 |  3.0
Unarmed Combat | 4 5 7 8 10 | 10.8
Stealth        | 3 4 5 |  5.0
Fighting       | 4 |  4.0
Throwing       | |  0.1

Action                   |  1- 3 |  4- 6 |  7- 9 || total
-------------------------+-------+-------+-------++-------
Melee: Unarmed           |   116 |   255 |   130 ||   501
       Punch             |     4 |     6 |     3 ||    13
Throw: Dart              |       |     5 |     3 ||     8
       Stone             |       |       |     6 ||     6
  Use: Potion            |       |     2 |     1 ||     3
       Scroll            |       |     3 |       ||     3
 Stab: Sleeping          |     3 |     1 |     2 ||     6
Armor: Robe              |    22 |       |       ||    22
       Ring mail         |       |    92 |    53 ||   145
Dodge: Dodged            |    75 |   151 |    64 ||   290
